 Dungeon Crawl Stone Soup version 0.26-a0-651-gb41185065b (webtiles) character file.

Game seed: 4923101549297006696

57 Irenicus the Digger (level 3, 0/28 HPs)
             Began as a Deep Dwarf Earth Elementalist on Oct 5, 2020.
             Slain by a hobgoblin
             ... wielding a +0 club
              (3 damage)
             ... on level 2 of the Dungeon.
             The game lasted 00:06:56 (827 turns).

Irenicus the Digger (Deep Dwarf Earth Elementalist)  Turns: 827, Time: 00:06:56

Health: 0/28       AC:  2    Str: 11    XL:     3   Next: 73%
Magic:  3/5        EV: 12    Int: 16    God:
Gold:   130        SH:  0    Dex: 13    Spells: 2/5 levels left

rFire    . . .     SeeInvis .   d - +0 dagger
rCold    . . .     Faith    .   (no shield)
rNeg     . . .     Spirit   .   c - +0 robe
rPois    .         Reflect  .   (no helmet)
rElec    .         Harm     .   e - scarf {+Inv}
rCorr    .         Rampage  .   (no gloves)
MR       .....     Rnd*Tele +   (no boots)
Stlth    ++........             (no amulet)
HPRegen  0.00/turn              g - ring of teleportation (curse) {+/*tele, !d}
MPRegen  0.09/turn              (no ring)

@: very slightly contaminated, non-regenerating, hasted, invisible, very quick
A: damage resistance, heal wounds, sense surroundings 1, no regeneration
a: Heal Wounds


You were on level 2 of the Dungeon.
You visited 1 branch of the dungeon, and saw 2 of its levels.

You collected 130 gold pieces.

Inventory:

Hand Weapons
 d - a +0 dagger (weapon)
   (You found it on level 1 of the Dungeon)
Armour
 b - a +2 hat
   (You found it on level 2 of the Dungeon)
 c - a +0 robe (worn)
 e - a scarf of invisibility (worn)
   (You found it on level 1 of the Dungeon)
Jewellery
 g - a cursed ring of teleportation (left hand) {+/*tele, !d}
   (You found it on level 1 of the Dungeon)
Scrolls
 f - a scroll of remove curse {unknown}
 h - a scroll of fear {unknown}
 i - a scroll of immolation {unknown}
Potions
 a - a potion of curing


   Skills:
 + Level 1.4 Short Blades
 - Level 2.1 Dodging
 - Level 2.4 Stealth
 - Level 1.7 Spellcasting
 - Level 0.8 Transmutations
 - Level 5.5 Earth Magic
 - Level 1.0 Evocations


You had 2 spell levels left.
You knew the following spells:

 Your Spells              Type           Power        Failure   Level
a - Sandblast             Erth           ###...       2%          1
w - Passwall              Tmut/Erth      ##......     9%          2

Your spell library contained the following spells:

 Spells                   Type           Power        Failure   Level
 Stone Arrow              Conj/Erth      ##....       21%         3
 Petrify                  Tmut/Erth      ##......     50%         4
 Lee's Rapid Deconstruct  Erth           ###.......   52%         5


Dungeon Overview and Level Annotations

Branches:
Dungeon (2/15)

Altars:

Annotations:
D:2 Terence


Innate Abilities, Weirdness & Mutations

You are resistant to damage.
You can heal yourself by infusing magical energy.
You passively map a small area around you.
You do not regenerate.


Message History

You take 4 damage, and have 8/28 hp.
You fail to use your ability.
The adder closely misses you. The adder bites you.
You fail to use your ability.
The adder bites you.
You are more poisoned.
The adder poisons you!
You fail to use your ability.
The adder barely misses you.
You fail to use your ability.
The adder barely misses you. The adder bites you.
* * * LOW HITPOINT WARNING * * *
You take 1 damage, and have 7/28 hp.
You fade into invisibility!
The adder bites you.
* * * LOW HITPOINT WARNING * * *
You take 3 damage, and have 4/28 hp.
You now have 3/5 mp.
Okay, then.
You feel better. The adder completely misses you.
You regained 8 hp, and now have 12/28 hp.
You hit the adder.
The adder is lightly wounded.
The adder barely misses you.
You completely miss the adder.
The adder is lightly wounded.
The adder closely misses you. The adder barely misses you.
You closely miss the adder.
The adder is lightly wounded.
The adder barely misses you.
You hit the adder.
The adder is moderately wounded.
The adder barely misses you.
You catch the helpless adder completely off-guard!
You puncture the adder!
You kill the adder!
Your Short Blades skill increases to level 1!
You catch the helpless worm completely off-guard!
You puncture the worm!
The worm is heavily wounded.
You completely miss the worm.
The worm is heavily wounded.
The goblin hits you.
You take 1 damage, and have 11/28 hp.
You hit the goblin.
You kill the goblin!
You flicker for a moment.
You catch the helpless worm completely off-guard!
You puncture the worm!
The worm is severely wounded.
You hit the worm.
The worm is severely wounded.
You flicker back into view.
The worm misses you.
You hit the worm.
The worm is severely wounded.
You hit the worm.
You kill the worm!
You see here a worm corpse.
MP restored: 5 You now have 130 gold pieces (gained 10).
You feel strangely unstable.
You are suddenly yanked towards a nearby monster!
Your surroundings suddenly seem different.
You fail to use your ability.
You fail to use your ability.
You closely miss the hobgoblin. The hobgoblin misses you.
You hit the hobgoblin but do no damage. The hobgoblin completely misses you.
You hit the hobgoblin.
The hobgoblin is severely wounded.
The hobgoblin hits you but does no damage.
You barely miss the hobgoblin.
The hobgoblin is severely wounded.
The hobgoblin hits you but does no damage.
You hit the hobgoblin but do no damage.
The hobgoblin is severely wounded.
Your magical contamination has completely faded away.
You hit the hobgoblin but do no damage.
The hobgoblin is severely wounded.
The hobgoblin hits you with a +0 club.
* * * LOW HITPOINT WARNING * * *
You take 4 damage, and have 7/28 hp.
You completely miss the hobgoblin.
The hobgoblin is severely wounded.
The hobgoblin barely misses you.
You barely miss the hobgoblin.
The hobgoblin is severely wounded.
The hobgoblin hits you with a +0 club.
* * * LOW HITPOINT WARNING * * *
You take 3 damage, and have 4/28 hp.
You fail to use your ability.
The hobgoblin hits you with a +0 club.
* * * LOW HITPOINT WARNING * * *
You take 1 damage, and have 3/28 hp.
It was a potion of haste.
You feel yourself speed up.
The hobgoblin hits you but does no damage.
You fade into invisibility!
You are very lightly contaminated with residual magic.
You now have 3/5 mp.
You hit the hobgoblin but do no damage.
The hobgoblin is severely wounded.
You closely miss the hobgoblin.
The hobgoblin is severely wounded.
The hobgoblin hits you with a +0 club.
You die...

#....@......#* #..##.#
###.........##. #.##..#
##.g.....## . #.##.## *
####.....####.##..##.#
########@†..#.#..#...#..##..##
......#g.####.##...*#..##..###
* * #...## #.# ##.##.#...## #
###.# #.###..##.#.### # #.#
###@.....##.#.# # *
##.###.g..###......# # ,
#....#.##.##...##### ##
#.##.#.##.........# ###. * #.
#...##..##.###.####... * * ..
##..#...#.. #......##
,*..#*##....###.#* #....)### *
.####.....# #.# ##.##....
..........####.## ##.##....


You could see a hobgoblin.

Vanquished Creatures
  2 adders (D:2)
  An ooze (D:1)
  A worm (D:2)
  A dart slug (D:1)
  A leopard gecko (D:1)
  4 goblins
  3 hobgoblins (D:1)
  4 jackals (D:2)
  4 bats
  A frilled lizard (D:2)
  6 kobolds (D:1)
  3 rats (D:1)
31 creatures vanquished.

Notes
Turn   | Place    | Note
-------+----------+-------------------------------------------
     0 | D:1      | Irenicus the Deep Dwarf Earth Elementalist began the quest
                  | for the Orb.
     0 | D:1      | Reached XP level 1. HP: 15/15 MP: 3/3
   101 | D:1      | Reached XP level 2. HP: 22/22 MP: 1/4
   147 | D:1      | Reached skill level 5 in Earth Magic
   228 | D:1      | Learned a level 2 spell: Passwall
   537 | D:2      | Noticed Terence
   564 | D:2      | Reached XP level 3. HP: 28/28 MP: 1/5
   670 | D:2      | Reached skill level 1 in Evocations
   758 | D:2      | HP: 7/28 [adder (1)]
   765 | D:2      | Reached skill level 1 in Short Blades
   818 | D:2      | HP: 7/28 [hobgoblin/+0 club (4)]
   821 | D:2      | HP: 3/28 [hobgoblin/+0 club (1)]
   827 | D:2      | Slain by a hobgoblin

Illustrated notes

Levels and vault maps discovered:
D:1:      erik_arrival_triangle_huge, layout_basic
D:2:      layout_rooms, minmay_misc_feat_ornament, uniq_terence, uniq_robin

Skill      XL: |  1  2  3 |
---------------+----------+-----
Earth Magic    | 5 |  5.5
Evocations     | 1 |  1.0
Short Blades   | 1 |  1.4
Dodging        | |  2.1
Stealth        | |  2.4
Spellcasting   | |  1.7
Transmutations | |  0.8

Action                   || total
-------------------------++-------
Melee: Dagger            ||    70
 Cast: Sandblast         ||    31
       Passwall          ||     1
 Abil: Evoke Invisibilit ||     4
  Use: Potion            ||     3
       Scroll            ||     1
 Stab: Sleeping          ||     1
       Invisible         ||     5
Armor: Robe              ||    27
Dodge: Dodged            ||   110

Table legend: (Time is in decaauts)
 A = Elapsed time spent in this place.
 B = Non-inter-level travel time spent in this place.
 C = Inter-level travel time spent in this place.
 D = Time resting spent in this place.
 E = Time spent auto-exploring this place.
 F = Levels seen in this place.
 G = Mean time per level.
                   A        B        C        D        E       F      G
               +--------+--------+--------+--------+--------+-----+--------+
         Total |    824 |    824 |      0 |      0 |      0 |   2 |  412.0 |
       Dungeon |    824 |    824 |      0 |      0 |      0 |   2 |  412.0 |
               +--------+--------+--------+--------+--------+-----+--------+

Top non-repeatable levels by time:
     D:1: 558 daAuts
     D:2: 265 daAuts

Table legend:
 A = Kills in this place as a percentage of kills in entire the game.
 B = Kills by you in this place as a percentage of kills by you in the entire game.
 C = Kills by friends in this place as a percentage of kills by friends in the entire game.
 D = Other kills in this place as a percentage of other kills in the entire game.
 E = Experience gained in this place as a percentage of experience gained in the entire game.
 F = Experience gained in this place divided by the number of levels of this place that you have seen.
                   A       B       C       D       E      F
               +-------+-------+-------+-------+-------+----------------------
         Total | 100.0 | 100.0 |   N/A |   N/A | 100.0 |  41.0
       Dungeon | 100.0 | 100.0 |   N/A |   N/A | 100.0 |  41.0
               +-------+-------+-------+-------+-------+----------------------
